 Dungeon Crawl Stone Soup version 0.20-a0-495-g2241292 (webtiles) character file.

153 ololoev the Ruffian (level 5, -1/48 HPs)
             Began as a Troll Fire Elementalist on Jan 18, 2017.
             Slain by removeelyvilon's ghost (9 damage)
             ... on level 3 of the Dungeon.
             The game lasted 00:04:16 (1885 turns).

ololoev the Ruffian (Troll Fire Elementalist)       Turns: 1885, Time: 00:04:16

Health: -1/48      AC:  5    Str: 17    XL:     5   Next: 12%
Magic:  5/5        EV: 10    Int: 11    God:
Gold:   116        SH:  0    Dex: 10    Spells: 5/6 levels left

rFire    . . .     SeeInvis .     - Unarmed
rCold    . . .     Gourm    +   a - +0 robe
rNeg     . . .     Faith    .   (no shield)
rPois    .         Spirit   .   (helmet restricted)
rElec    .         Reflect  .   (no cloak)
rCorr    .         Harm     .   (gloves unavailable)
MR       .....                  (boots unavailable)
Stlth    +.........             (no amulet)
Regen    0.6/turn               (no ring)
                                (no ring)

@: no status effects
A: unfitting armour, claws 3, fast metabolism 3, gourmand, regeneration 1,
shaggy fur 1, tough skin 2
a: no special abilities


Innate Abilities, Weirdness & Mutations

You are too large for most types of armour.
You have claws for hands.
Your metabolism is lightning-fast.
You like to eat raw meat.
Your natural rate of healing is unusually fast.
You are covered in fur. (AC +1)
You have very tough skin. (AC +2)

Inventory:

Armour
 a - a +0 robe (worn)
Scrolls
 d - 4 scrolls of identify {unknown}
 e - 2 scrolls of blinking {unknown}
 f - a scroll of enchant weapon {unknown}
 l - a scroll of random uselessness {unknown}
Potions
 b - 4 potions of curing
 g - a potion of flight {unknown}
 i - a potion of haste {unknown}
 j - a potion of might {unknown}
Comestibles
 c - 3 bread rations
 k - a beef jerky


   Skills:
 + Level 1.4 Fighting
 + Level 1.2 Throwing
 + Level 1.6 Armour
 + Level 2.2 Dodging
 - Level 1.0 Stealth
 * Level 2.4 Unarmed Combat
 - Level 1.2 Spellcasting
 - Level 0.6 Conjurations
 - Level 2.1 Fire Magic


You had 5 spell levels left.
You knew the following spells:

 Your Spells              Type           Power        Failure   Level  Hunger
a - Flame Tongue          Conj/Fire      #....        21%         1    ##.....


You were on level 3 of the Dungeon.
You were very full.

You visited 1 branch of the dungeon, and saw 3 of its levels.

You collected 116 gold pieces.

#....(. #.#.......
#...... #.#.#####.
#......### #.# #.....
'...W....# #.# #.##..
#......#.# #.# #.##..
########.# #.# #.##..
#.# #.##.. #W# #.##..
######@## #.##..
#.......######.#.#.##..
#............<.#.#.##..
#(......###### #.#.##(.
#<..........# #.#.##..
....######.#.# #.#.##..
...........#.##.#.#..#..
................#.##.#..
.. .######>#.####....#..

Notes
Turn   | Place    | Note
-------+----------+-------------------------------------------
     0 | D:1      | ololoev the Troll Fire Elementalist began the quest for the Orb.
     0 | D:1      | Reached XP level 1. HP: 16/16 MP: 1/1
   160 | D:1      | Reached XP level 2. HP: 24/24 MP: 2/2
   249 | D:1      | Reached skill level 1 in Unarmed Combat
   663 | D:2      | Found a shattered altar of Ashenzari.
   677 | D:2      | Reached skill level 1 in Armour
   804 | D:2      | Reached XP level 3. HP: 32/32 MP: 3/3
   865 | D:2      | DEFE: 38
   865 | D:2      | DEFE: диспеллом
   865 | D:2      | DEFE: надо же
   865 | D:2      | ololoev: ne lublu purple drakonianov
   865 | D:2      | DEFE: да, неприятные
   865 | D:2      | ololoev: oni teleport sbivaut
   957 | D:2      | DEFE: желтые и пурпурные
  1259 | D:2      | Reached skill level 1 in Fighting
  1268 | D:2      | Reached skill level 1 in Throwing
  1268 | D:2      | Reached XP level 4. HP: 38/41 MP: 4/4
  1273 | D:2      | ololoev: nu i 60+ AC ne spaslo
  1542 | D:3      | Reached XP level 5. HP: 37/48 MP: 5/5
  1862 | D:3      | Noticed removeelyvilon's ghost (amateur DrTm)
  1865 | D:3      | DEFE: думал затабается?
  1868 | D:3      | ololoev: ya dumal chto ne stoit panikovat i pit' haste agilu i vse takoe
  1868 | D:3      | ololoev: dumal prosto na teleke ubejat
  1868 | D:3      | ololoev: ne zametil kak on sletel
  1885 | D:3      | Slain by removeelyvilon's ghost

Dungeon Overview and Level Annotations

Branches:
Dungeon (3/15)

Altars:
Ashenzari

Annotations:
D:3 removeelyvilon's ghost, amateur DrTm


Message History

The hobgoblin misses you.
You scratch the hobgoblin.
The hobgoblin is moderately wounded.
The hobgoblin closely misses you.
You scratch the hobgoblin.
You kill the hobgoblin!
No target in view!
No target in view!
No target in view!
No target in view!
No target in view!
No target in view!
Things that are here:
a club; a hobgoblin corpse
There is a stone staircase leading down here.
b - 4 potions of curing (gained 1)
Found 17 stones.
Found a stone staircase leading up.
Found an escape hatch in the ceiling.
Found 20 stones.
Removeelyvilon's ghost (amateur Draconian Transmuter) comes into view.
Found a scroll labeled GAOCHE NAUTWYALE.
Removeelyvilon's ghost is nearby!
Removeelyvilon's ghost is nearby!
Press: ? - help, v - describe, . - travel
Here: removeelyvilon's ghost (hasn't noticed you)
The floor.
Okay, then.
Removeelyvilon's ghost hits you.
You scratch removeelyvilon's ghost.
Removeelyvilon's ghost is lightly damaged.
Removeelyvilon's ghost hits you but does no damage.
You closely miss removeelyvilon's ghost.
Removeelyvilon's ghost is lightly damaged.
Removeelyvilon's ghost misses you.
You claw removeelyvilon's ghost!
Removeelyvilon's ghost is heavily damaged.
Removeelyvilon's ghost barely misses you.
You scratch removeelyvilon's ghost.
Removeelyvilon's ghost is heavily damaged.
Removeelyvilon's ghost hits you!
You scratch removeelyvilon's ghost but do no damage.
Removeelyvilon's ghost is heavily damaged.
Removeelyvilon's ghost hits you.
You closely miss removeelyvilon's ghost.
Removeelyvilon's ghost is heavily damaged.
Removeelyvilon's ghost hits you.
You barely miss removeelyvilon's ghost.
Removeelyvilon's ghost is heavily damaged.
Removeelyvilon's ghost hits you.
You closely miss removeelyvilon's ghost.
Removeelyvilon's ghost is heavily damaged.
Removeelyvilon's ghost hits you.
You are too injured to fight recklessly!
You are too injured to fight recklessly!
You are too injured to fight recklessly!
You are too injured to fight recklessly!
You are too injured to fight recklessly!
You are too injured to fight recklessly!
You are too injured to fight recklessly!
You are too injured to fight recklessly!
You are too injured to fight recklessly!
You are too injured to fight recklessly!
You are too injured to fight recklessly!
You are too injured to fight recklessly!
You closely miss removeelyvilon's ghost.
Removeelyvilon's ghost is heavily damaged.
Removeelyvilon's ghost hits you!
You scratch removeelyvilon's ghost but do no damage.
Removeelyvilon's ghost is heavily damaged.
You scratch removeelyvilon's ghost.
Removeelyvilon's ghost is heavily damaged.
Removeelyvilon's ghost hits you.
You scratch removeelyvilon's ghost but do no damage.
Removeelyvilon's ghost is heavily damaged.
Removeelyvilon's ghost hits you!
You scratch removeelyvilon's ghost but do no damage.
Removeelyvilon's ghost is heavily damaged.
Removeelyvilon's ghost hits you. Removeelyvilon's ghost hits you!
You die...

You could see removeelyvilon's ghost.

Vanquished Creatures
  2 orc wizards (D:3)
  5 adders
  A worm (D:2)
  2 dart slugs (D:2)
  2 orcs (D:3)
  A ball python (D:1)
  5 bats
  4 goblins
  9 hobgoblins
  3 quokkas
  4 frilled lizards
  8 kobolds
  4 rats
50 creatures vanquished.

Vanquished Creatures (others)
  4 toadstools (D:1)
4 creatures vanquished.

Grand Total: 54 creatures vanquished

Action                   |  1- 3 |  4- 6 || total
-------------------------+-------+-------++-------
Melee: Unarmed           |   118 |    95 ||   213
       Punch             |       |     1 ||     1
  Use: Potion            |       |     1 ||     1
 Stab: Sleeping          |     2 |       ||     2
  Eat: Chunk             |    12 |     5 ||    17
       Bread ration      |     1 |       ||     1
Armor: Robe              |    40 |    30 ||    70
Dodge: Dodged            |    51 |    38 ||    89

Vault maps used:
D:1:      ldierk_walled_garden_2
D:2:      first_bread, ashenzari_altar_1
